 Dungeon Crawl Stone Soup version 0.29.1-1-gd02db6906a (webtiles) character file.

Game seed: 1949390022239647161

568 Earthwalker the Trooper (level 7, -10/60 HPs)
             Began as a Minotaur Fighter on Oct 13, 2022.
             Was a Follower of Okawaru.
             Mangled by Prince Ribbit (12 damage)
             ... on level 5 of the Dungeon.
             The game lasted 00:06:09 (4382 turns).

Earthwalker the Trooper (Minotaur Fighter)          Turns: 4382, Time: 00:06:09

Health: -10/60     AC:  7    Str: 23    XL:     7   Next: 11%
Magic:  7/7        EV: 10    Int:  5    God:    Okawaru [*.....]
Gold:   225        SH:  9    Dex:  9    Spells: 6/6 levels left

rFire   . . .      SeeInvis .   a - +0 war axe
rCold   . . .      Faith    .   c - +0 buckler
rNeg    . . .      Spirit   .   b - +0 scale mail
rPois   .          Reflect  +   (helmet restricted)
rElec   .          Harm     .   (no cloak)
rCorr   .          Rampage  .   (no gloves)
Will    .....                   (no boots)
Stlth   ..........              l - amulet of reflection
HPRegen 0.20/turn               (no ring)
MPRegen 0.10/turn               (no ring)

@: no status effects
A: horns 2, retaliatory headbutt
a: Renounce Religion, Heroism


You were on level 5 of the Dungeon.
You worshipped Okawaru.
Okawaru was aware of your devotion.
You visited 1 branch of the dungeon, and saw 5 of its levels.

You collected 225 gold pieces.

Inventory:

Hand Weapons
 a - a +0 war axe (weapon)
 u - the +7 Throatcutter {drain, coup de grace}
   (You found it on level 4 of the Dungeon)

   A truly terrible weapon, it drains the life of any living foe it strikes.
   It may instantly kill foes which have little health.
Missiles
 f - 47 stones (quivered)
 s - 5 boomerangs
 t - 7 poisoned darts
Armour
 b - a +0 scale mail (worn)
 c - a +0 buckler (worn)
Jewellery
 l - an amulet of reflection (around neck)
Scrolls
 e - 5 scrolls of identify {unknown}
 g - a scroll of fear {unknown}
 h - a scroll of teleportation {unknown}
 j - a scroll of enchant armour {unknown}
 k - a scroll of poison {unknown}
 m - 3 scrolls of brand weapon {unknown}
 n - a scroll of magic mapping {unknown}
 o - a scroll of summoning {unknown}
 p - a scroll of fog {unknown}
 q - a scroll of amnesia {unknown}
 v - a scroll of acquirement {unknown}
Potions
 d - 2 potions of might
 i - 2 potions of curing {unknown}
 r - 2 potions of attraction {unknown}


   Skills:
 * Level 4.9 Fighting
 * Level 4.2 Axes
 * Level 2.3 Throwing
 * Level 4.9 Armour
 * Level 2.5 Dodging
 + Level 1.4 Stealth
 * Level 4.9 Shields
 + Level 1.6 Invocations
 + Level 1.4 Evocations


You had 6 spell levels left.
You didn't know any spells.
Your spell library contained the following spells:

 Spells                   Type           Power      Damage    Failure   Level
 Poisonous Vapours        Pois/Air       0%         N/A       94%         2
 Corpse Rot               Necr/Pois/Air  0%         N/A       100%        4
 Leda's Liquefaction      Hex/Erth       0%         N/A       100%        4
 Lee's Rapid Deconstruct  Erth           0%         3d5*      100%        5
 Statue Form              Tmut/Erth      0%         N/A       100%        6


Dungeon Overview and Level Annotations

Branches:
Dungeon (5/15)
 Temple: D:4-7

Altars:
Ashenzari
Makhleb
Nemelex Xobeh
Okawaru
Qazlal
Wu Jian
Xom
Yredelemnul
Zin

Shops:
D:1 ?

Annotations:
D:3 2 transporters, rubinsalamander's ghost, amateur GnAE
D:4 3 runed translucent doors, dvd2's ghost, amateur SpEE
D:5 Prince Ribbit


Innate Abilities, Weirdness & Mutations

You have a pair of horns on your head.
You reflexively headbutt those who attack you in melee.


Message History

You block the adder's attack. The adder bites you but does no damage.
You barely miss the adder. Your headbutt misses the adder.
The adder is heavily wounded.
The adder bites you. You block the adder's attack.
You closely miss the adder.
The adder is heavily wounded.
You block the adder's attack. The adder bites you but does no damage.
You closely miss the adder.
The adder is heavily wounded.
The adder closely misses you. You furiously retaliate!
You headbutt the adder!
You kill the adder!
Okawaru accepts your kill.
You miss Prince Ribbit. Your headbutt misses Prince Ribbit.
Prince Ribbit is severely wounded.
Prince Ribbit blinks!
You miss Prince Ribbit.
Prince Ribbit is severely wounded.
Prince Ribbit hits you. You block Prince Ribbit's attack.
You closely miss Prince Ribbit.
Prince Ribbit is severely wounded.
Prince Ribbit closely misses you. Prince Ribbit hits you!
You are too injured to fight recklessly!
You are too injured to fight recklessly!
You are too injured to fight recklessly!
Unknown command.
You are too injured to fight recklessly!
You barely miss Prince Ribbit.
Prince Ribbit is severely wounded.
Prince Ribbit closely misses you. Prince Ribbit hits you.
* * * LOW HITPOINT WARNING * * *
You closely miss Prince Ribbit.
Prince Ribbit is severely wounded.
Prince Ribbit hits you.
* * * LOW HITPOINT WARNING * * *
You hit Prince Ribbit. Your headbutt misses Prince Ribbit.
Prince Ribbit is severely wounded.
Prince Ribbit hits you!
* * * LOW HITPOINT WARNING * * *
Prince Ribbit hits you!
You die...

########.#
##.. #.# ...
#.# ...
##########.#
#.##
#.....>....# #
#..
#.##########
#.###.# #.#
#$....######.#
#..††@F.).#
#.#.########
###.# #.# #.#
#.# #.# ..#


You could see Prince Ribbit.

Vanquished Creatures
  Sigmund (D:5)
  Pargi (D:3)
  2 howler monkeys
  A hound (D:4)
  An orc priest (D:4)
  4 gnolls (D:3)
  5 adders
  A worm (D:2)
  4 dart slugs
  3 orcs
  6 bats
  9 endoplasms
  12 giant cockroaches
  6 goblins
  8 hobgoblins
  3 jackals (D:3)
  5 kobolds
  A ball python (D:3)
  3 frilled lizards
  10 rats
86 creatures vanquished.

Vanquished Creatures (others)
  2 plants (D:2)
2 creatures vanquished.

Grand Total: 88 creatures vanquished

Notes
Turn   | Place    | Note
-------+----------+-------------------------------------------
     0 | D:1      | Earthwalker the Minotaur Fighter began the quest for the
                  | Orb.
     0 | D:1      | Reached XP level 1. HP: 19/19 MP: 0/0
    74 | D:1      | Reached XP level 2. HP: 27/27 MP: 1/1
   173 | D:1      | Found Bicos's Magic Scroll Emporium.
   478 | D:1      | Reached skill level 1 in Dodging
   529 | D:1      | Reached XP level 3. HP: 32/33 MP: 2/2
  1248 | D:2      | Found a faded altar of an unknown god.
  1317 | D:2      | Reached XP level 4. HP: 37/40 MP: 3/3
  1321 | D:2      | Reached skill level 1 in Throwing
  1851 | D:3      | Noticed rubinsalamander's ghost (amateur GnAE)
  1853 | D:3      | Found a transporter.
  1857 | D:3      | Found a transporter.
  1859 | D:3      | Noticed Pargi
  1873 | D:3      | Killed Pargi
  1874 | D:3      | Reached skill level 1 in Invocations
  1874 | D:3      | Reached XP level 5. HP: 28/47 MP: 4/4
  2147 | D:3      | Found a broken altar of Ashenzari.
  2220 | D:3      | Found a burning altar of Makhleb.
  2220 | D:3      | Found a basalt altar of Yredelemnul.
  2306 | D:3      | Reached skill level 1 in Stealth
  2481 | D:3      | Found a stormy altar of Qazlal.
  2481 | D:3      | Found a shimmering altar of Xom.
  2488 | D:3      | Found an iron altar of Okawaru.
  2490 | D:3      | Found an ornate altar of the Wu Jian Council.
  2491 | D:3      | Found a glowing silver altar of Zin.
  2496 | D:3      | Became a worshipper of Warmaster Okawaru
  2589 | D:3      | Found a sparkling altar of Nemelex Xobeh.
  2717 | D:3      | Reached skill level 1 in Evocations
  2899 | D:4      | Reached XP level 6. HP: 51/53 MP: 5/5
  3189 | D:4      | Found the +7 Throatcutter {drain, coup de grace}
  3275 | D:4      | Found a runed translucent gate.
  3280 | D:4      | Found a runed translucent gate.
  3282 | D:4      | Found a runed translucent gate.
  4156 | D:4      | Noticed dvd2's ghost (amateur SpEE)
  4202 | D:5      | Entered Level 5 of the Dungeon
  4238 | D:5      | Noticed Sigmund
  4251 | D:5      | Killed Sigmund
  4252 | D:5      | Reached XP level 7. HP: 40/60 MP: 7/7
  4358 | D:5      | Noticed Prince Ribbit
  4359 | D:5      | Reached * piety under Okawaru
  4382 | D:5      | HP: 2/60 [Prince Ribbit (11)]
  4382 | D:5      | Mangled by Prince Ribbit

Illustrated notes

Levels and vault maps discovered:
D:1:      roderic_crossed_star, layout_loops_ring, serial_shops, shop,
          amcnicky_mini_corridor_feature
D:2:      minmay_roachtagon, layout_basic, dilly_ecumenical_altar_fadedgnrine,
          serial_bayou_lake_a
D:3:      layout_loops_ring, ashenzari_conservatory_becter,
          chequers_temple_overflow_minitemple, nemelex_spade_bored_becter,
          mainiacjoe_overflow_divided_tiny, gammafunk_ghost_arena, uniq_pargi
D:4:      layout_layer_cave, gammafunk_ghost_icy
D:5:      layout_loops_ring, gammafunk_ghost_split,
          nicolae_figureground_sparkle, uniq_sigmund, uniq_prince_ribbit1

Skill      XL: |  1  2  3  4  5  6 |
---------------+-------------------+-----
Dodging        | 1 2 |  2.5
Armour         | 4 |  4.9
Shields        | 4 |  4.9
Fighting       | 4 |  4.9
Axes           | 3 4 |  4.2
Throwing       | 1 2 |  2.3
Invocations    | 1 |  1.6
Stealth        | 1 |  1.4
Evocations     | 1 |  1.4

Action                   |  1- 3 |  4- 6 |  7- 9 || total
-------------------------+-------+-------+-------++-------
Melee: War axe           |    75 |   113 |    18 ||   206
       Headbutt          |     9 |    18 |     2 ||    29
Armor: Scale mail        |    24 |    46 |     3 ||    73
Dodge: Dodged            |    29 |    42 |    10 ||    81
Block: Buckler           |    19 |    54 |     7 ||    80
       Reflection        |       |     1 |       ||     1
